 Dungeon Crawl Stone Soup version 0.30-a0-711-gf4ac18a38d (webtiles) character file.

Game seed: 12964164719196783640

298 purpskrrrp the Conjurer (level 6, -19/32 HPs)
             Began as a Tengu Conjurer on Jan 22, 2023.
             Demolished by a two-headed ogre
             ... wielding a +0 giant spiked club
             ... created by the fury of Okawaru
              (38 damage)
             ... in the Ecumenical Temple.
             The game lasted 00:07:33 (3231 turns).

purpskrrrp the Conjurer (Tengu Conjurer)            Turns: 3231, Time: 00:07:34

Health: -19/32     AC:  2    Str:  7    XL:     6   Next: 36%
Magic:  9/12       EV: 35    Int: 20    God:
Gold:   101        SH:  0    Dex: 13    Spells: 8/11 levels left

rFire   . . .      SeeInvis .    e - +0 lajatang
rCold   . . .      Faith    .    (shield currently unavailable)
rNeg    . . .      Spirit   .    a - +0 robe
rPois   .          Reflect  .    (helmet restricted)
rElec   .          Harm     .    (no cloak)
rCorr   .          Rampage  .    (no gloves)
Will    .....                    (boots unavailable)
Stlth   ++                       f - amulet of the acrobat
HPRegen 0.25/turn                j - +5 ring of evasion
MPRegen 0.13/turn                (no ring)

@: acrobatic, flying quickly and evasively, quick
A: beak, talons 3, nimble flight
a: no special abilities


You were in the Ecumenical Temple.
You visited 2 branches of the dungeon, and saw 5 of its levels.

You collected 101 gold pieces.

Inventory:

Hand Weapons
 c - a +0 mace
 e - a +0 lajatang (weapon)
Armour
 a - a +0 robe (worn)
Jewellery
 f - an amulet of the acrobat (around neck)
 j - a +5 ring of evasion (left hand)
Scrolls
 g - 2 scrolls of magic mapping {unknown}
 i - a scroll of teleportation {unknown}
Potions
 b - a potion of magic
 d - a potion of might {unknown}
 h - a potion of brilliance {unknown}
 k - a potion of attraction {unknown}
 l - a potion of lignification {unknown}
 m - 2 potions of haste {unknown}


   Skills:
 + Level 0.3 Staves
 + Level 4.0 Dodging
 - Level 2.5 Stealth
 + Level 3.3 Spellcasting
 * Level 7.5 Conjurations


You had 8 spell levels left.
You knew the following spells:

 Your Spells              Type           Power      Damage    Failure   Level
a - Magic Dart            Conj           100%       1d8       1%          1
b - Searing Ray           Conj           66%        2d6       1%          2

Your spell library contained the following spells:

 Spells                   Type           Power      Damage    Failure   Level
 Dazzling Flash           Conj/Hex       36%        N/A       9%          3
 Beastly Appendage        Tmut           6%         N/A       14%         1
 Wereblood                Tmut           3%         N/A       21%         2
 Fulminant Prism          Conj/Hex       9%         3d7       28%         4
 Iskenderun's Mystic Bla  Conj/Tloc      18%        2d6       28%         4
 Spider Form              Tmut/Pois      3%         N/A       38%         3


Dungeon Overview and Level Annotations

Branches:
Dungeon (4/15)             Temple (1/1) D:4

Altars:
Ashenzari
Cheibriados
Dithmenos
Fedhas
Gozag
Kikubaaqudgha
Okawaru
Sif Muna
Trog
Uskayaw
Vehumet
Wu Jian
Xom
Yredelemnul
Zin
The Shining One


Innate Abilities, Weirdness & Mutations

You have a beak for a mouth.
You have claws for feet.
Your magical nature lets you fly swiftly and evasively.


Message History

There is a staircase back to the Dungeon here.
Unknown command.
Magic restored.
Found a shimmering blue altar of Sif Muna.
Found a bloodstained altar of Trog.
Found a glowing golden altar of the Shining One.
Found a radiant altar of Vehumet.
Found two altars.
Found a blossoming altar of Fedhas.
Found a snail-covered altar of Cheibriados.
Found an opulent altar of Gozag.
Found a basalt altar of Yredelemnul.
Found a shimmering altar of Xom.
Found an ornate altar of the Wu Jian Council.
Found a glowing silver altar of Zin.
Found a shadowy altar of Dithmenos.
Okawaru sends forces against you! 2 two-headed ogres come into view.
There are monsters nearby!
There are monsters nearby!
There are monsters nearby!
Casting: Magic Dart (safe; 1% risk of failure)
Confirm with . or Enter, or press ? or * to list all spells.
Aiming: Searing Ray (safe; 1% risk of failure)
Press: ? - help, Shift-Dir - straight line, f - two-headed ogre
Aim: a two-headed ogre, wielding a +0 giant spiked club and a +0 giant club (durably summoned, 91% to hit)
The searing ray hits the two-headed ogre.
The two-headed ogre is lightly wounded.
The searing ray hits the two-headed ogre.
The two-headed ogre is lightly wounded. (Press . to maintain the ray.)
The two-headed ogre hits you with a +0 giant spiked club!
The two-headed ogre closely misses you.
The searing ray hits the two-headed ogre.
The two-headed ogre is lightly wounded.
The searing ray hits the two-headed ogre but does no damage.
The two-headed ogre is lightly wounded.
The two-headed ogre hits you with a +0 giant spiked club!!!
Ouch! That really hurt!
You die...

♣...........♣ ♣.....<.....♣
♣♣♣♣♣♣ ♣...........♣
♣♣.....♣♣♣ ♣♣.........♣♣ ♣♣
..._.....♣♣ ♣♣♣.....♣♣♣ ♣♣.
..........♣ ♣♣♣.♣♣♣ ♣..
_...⌠.._O.♣ ♣♣.♣♣ ♣..
.........O♣♣♣♣♣♣...♣♣♣♣♣♣..
.._......♣@..♣♣..≈..♣♣...♣.
♣......♣♣♣♣♣♣...≈≈≈...♣♣♣♣♣
♣♣♣♣♣♣♣ ♣♣♣..≈..♣♣♣
♣♣♣♣♣♣♣♣♣♣...♣♣♣♣♣♣♣♣
♣♣♣......♣..♣♣♣..♣.....
♣♣......_..♣♣♣ ♣♣♣.._...
♣...........♣ ♣.......
♣._...⌠.....♣ ♣.....⌠.
♣...........♣ ♣.......


You could see 2 two-headed ogres.

Vanquished Creatures
  An ogre (D:1)
  A necrophage (D:4)
  A gnoll sergeant (D:2)
  A jelly (D:2)
  A hound (D:4)
  An orc wizard (D:4)
  4 gnolls (D:2)
  7 adders
  An ufetubus (D:4)
  3 dart slugs
  8 orcs (D:4)
  7 endoplasms
  3 giant cockroaches
  9 goblins
  6 hobgoblins
  2 jackals (D:3)
  6 quokkas
  5 ball pythons
  2 bats (D:1)
  2 frilled lizards (D:1)
  5 kobolds
  5 rats
81 creatures vanquished.

Notes
Turn   | Place    | Note
-------+----------+-------------------------------------------
     0 | D:1      | purpskrrrp the Tengu Conjurer began the quest for the Orb.
     0 | D:1      | Reached XP level 1. HP: 10/10 MP: 4/4
   163 | D:1      | Reached XP level 2. HP: 15/15 MP: 4/6
   214 | D:1      | Found a faded altar of an unknown god.
   236 | D:1      | Prayed at the altar of an unknown god.
   236 | D:1      | Became a worshipper of Warmaster Okawaru
   236 | D:1      | Reached * piety under Okawaru
   326 | D:1      | Fell from the grace of Okawaru
   467 | D:1      | Reached XP level 3. HP: 19/19 MP: 2/7
   654 | D:1      | Learned a level 2 spell: Searing Ray
   744 | D:1      | Noticed an ogre
   749 | D:1      | Killed an ogre
   901 | D:2      | Noticed a gnoll sergeant
  1171 | D:2      | Reached skill level 6 in Conjurations
  1171 | D:2      | Reached XP level 4. HP: 24/24 MP: 5/8
  1844 | D:2      | Gained mutation: Your magical nature lets you fly swiftly
                  | and evasively. [Tengu growth]
  1844 | D:2      | Reached XP level 5. HP: 28/28 MP: 4/10
  2041 | D:2      | Noticed an orc knight
  2041 | D:2      | Noticed an ogre
  2474 | D:3      | Noticed an orc knight
  2474 | D:3      | Noticed an orc warrior
  2546 | D:4      | Reached skill level 7 in Conjurations
  2594 | D:4      | Reached XP level 6. HP: 10/32 MP: 1/11
  2892 | D:4      | Found a broken altar of Ashenzari.
  3097 | D:4      | Found a staircase to the Ecumenical Temple.
  3151 | Temple   | Entered the Ecumenical Temple
  3227 | Temple   | Noticed a two-headed ogre
  3227 | Temple   | Noticed a two-headed ogre
  3231 | Temple   | Demolished by a two-headed ogre

Illustrated notes

Levels and vault maps discovered:
D:1:      wander_arrival_fairy_ring, layout_basic,
          dreamdust_ecumenical_altar_statues
D:2:      layout_basic, uniq_robin
D:3:      layout_basic, marbit_many_paths
D:4:      layout_gridville, mainiacjoe_overflow_alcove_1,
          minmay_temple_entry_junction, minmay_box_of_dots
Temple:   jpeg_temple_clearing

Skill      XL: |  1  2  3  4  5  6 |
---------------+-------------------+-----
Dodging        | 3 4 |  4.0
Conjurations   | 6 7 |  7.5
Spellcasting   | 3 |  3.3
Staves         | |  0.3
Stealth        | |  2.5

Action                     |  1- 3 |  4- 6 || total
---------------------------+-------+-------++-------
  Melee: Peck              |     6 |     5 ||    11
         Unarmed           |     1 |       ||     1
         Mace              |    25 |    37 ||    62
         Kick              |     6 |     9 ||    15
         Lajatang          |       |     6 ||     6
   Cast: Magic Dart        |    53 |    85 ||   138
         Searing Ray       |     1 |     5 ||     6
 Invoke: Renounce Religion |     1 |       ||     1
    Use: Scroll            |     1 |     3 ||     4
         Potion            |       |     2 ||     2
 Armour: Robe              |     6 |     3 ||     9
  Dodge: Dodged            |    28 |    70 ||    98

Table legend: (Time is in decaauts)
 A = Elapsed time spent in this place.
 B = Non-inter-level travel time spent in this place.
 C = Inter-level travel time spent in this place.
 D = Time resting spent in this place.
 E = Time spent auto-exploring this place.
 F = Levels seen in this place.
 G = Mean time per level.
                   A        B        C        D        E       F      G
               +--------+--------+--------+--------+--------+-----+--------+
         Total |   3193 |   3104 |     89 |    532 |   2012 |   5 |  638.6 |
       Dungeon |   3120 |   3031 |     89 |    532 |   1956 |   4 |  780.0 |
        Temple |     72 |     72 |      0 |      0 |     56 |   1 |   72.0 |
               +--------+--------+--------+--------+--------+-----+--------+

Top non-repeatable levels by time:
     D:1: 1336 daAuts
     D:2: 827 daAuts
     D:4: 600 daAuts
     D:3: 355 daAuts
  Temple: 72 daAuts
